 Dungeon Crawl Stone Soup version 0.17-a0-2069-g0f4ee5b (webtiles) character file.

2492 pk666 the Fighter (level 9, -15/86 HPs)
             Began as a Minotaur Fighter on Oct 14, 2015.
             Was a Follower of Okawaru.
             Demolished by a spriggan rider
             ... wielding a +1 antimagic spear
              (17 damage)
             ... on level 1 of the Lair of Beasts.
             The game lasted 00:15:16 (6040 turns).

pk666 the Fighter (Minotaur Fighter)                Turns: 6040, Time: 00:15:16

Health: -15/86     AC: 10    Str: 28    XL:     9   Next: 27%
Magic:  0/8        EV:  7    Int:  5    God:    Okawaru [*.....]
Gold:   285        SH: 10    Dex: 11    Spells: 0 memorised, 8 levels left

rFire  . . .     SeeInvis .     a - +0 war axe
rCold  . . .     Clarity  .     b - +0 scale mail
rNeg   . . .     SustAt   .     c - +0 shield
rPois  .         Gourm    .     G - +2 hat
rElec  .         Spirit   .     O - +0 cloak
rCorr  .         Warding  .     (no gloves)
rMut   .         Stasis   .     (no boots)
MR     .....                    (no amulet)
Stlth  ..........               (no ring)
                                (no ring)

@: mighty, not resistant to hostile enchantments, extremely unstealthy
A: retaliatory headbutt, horns 2
a: Heroism, Renounce Religion


You were on level 1 of the Lair of Beasts.
You worshipped Okawaru.
Okawaru was aware of your devotion.
You were not hungry.

You visited 3 branches of the dungeon, and saw 10 of its levels.

You collected 369 gold pieces.
You spent 84 gold pieces at shops.

Inventory:

Hand Weapons
 a - a +0 war axe (weapon)
Armour
 b - a +0 scale mail (worn)
 c - a +0 shield (worn)
 G - a +2 hat (worn)
 O - a +0 cloak (worn)
Jewellery
 l - a +1 ring of evasion {unknown}
 s - a +1 ring of slaying {unknown}
 C - an uncursed amulet of regeneration {unknown}
 S - the ring "Cevethree" {Str+4 Stlth-, unknown}
   (You found it on level 8 of the Dungeon)

   [ring of loudness]

   It affects your strength (+4).
   It makes you less stealthy.
Wands
 Q - a wand of digging (9)
Scrolls
 g - 2 scrolls of teleportation {unknown}
 i - 6 scrolls of remove curse
 j - 3 scrolls of magic mapping {unknown}
 m - 4 scrolls of enchant armour {unknown}
 n - 4 scrolls of recharging {unknown}
 p - 3 scrolls of identify
 q - a scroll of immolation {unknown}
 w - 2 scrolls of amnesia {unknown}
 y - 2 scrolls of enchant weapon {unknown}
 z - a scroll of random uselessness {unknown}
 E - a scroll of holy word {unknown}
 K - a scroll of acquirement {unknown}
 P - a scroll of fear {unknown}
Potions
 d - a potion of lignification {unknown}
 e - a potion of resistance {unknown}
 f - a potion of beneficial mutation {unknown}
 h - 2 potions of flight {unknown}
 k - 2 potions of brilliance {unknown}
 o - 2 potions of haste {unknown}
 r - a potion of poison {unknown}
 t - a potion of mutation {unknown}
 u - a potion of berserk rage {unknown}
 v - 2 potions of invisibility {unknown}
 A - a potion of heal wounds {unknown}
 I - a potion of agility {unknown}
 M - 2 potions of cancellation {unknown}
 R - a potion of curing {unknown}
Books
 B - a book of Air

   Spells                             Type                      Level
   a - Shock                          Conjuration/Air              1
   b - Swiftness                      Charms/Air                   2
   c - Repel Missiles                 Charms/Air                   2
   d - Static Discharge               Conjuration/Air              3
   e - Lightning Bolt                 Conjuration/Air              5
 L - a book of the Warp

   Spells                             Type                      Level
   a - Recall                         Summoning/Translocation      3
   b - Gell's Gravitas                Hexes/Translocation          3
   c - Force Lance                    Conjuration/Translocation    4
   d - Phase Shift                    Translocation                5
   e - Warp Weapon                    Charms/Translocation         5
   f - Summon Forest                  Summoning/Translocation      5
Comestibles
 x - 7 bread rations
 D - 3 meat rations
 F - 2 slices of pizza
 H - 2 fruits
 N - a beef jerky
 T - a chunk of flesh


   Skills:
 + Level 10.7 Fighting
 + Level 10.2 Axes
 - Level 6.0 Armour
 - Level 3.6 Shields


You had 8 spell levels left.
You didn't know any spells.

Dungeon Overview and Level Annotations

Branches:
Dungeon (8/15)             Temple (1/1) D:4            Lair (1/8) D:8

Altars:
Cheibriados
Dithmenos
Elyvilon
Fedhas
Gozag
Kikubaaqudgha
Makhleb
Nemelex Xobeh
Okawaru
Qazlal
Ru
Sif Muna
Vehumet
Xom
Yredelemnul
Zin
The Shining One
Beogh
Lugonu

Shops:
D:6 *


Innate Abilities, Weirdness & Mutations

You reflexively headbutt those who attack you in melee.
You have a pair of horns on your head.


Message History

You feel very mighty all of a sudden.
Use which ability?
You don't have enough magic at the moment.
Use which ability?
Okay, then.
You barely miss the spriggan rider. You headbutt the spriggan rider!
The spriggan rider is lightly wounded.
The spriggan rider hits you but does no damage. x2
You closely miss the spriggan rider.
The spriggan rider is lightly wounded.
The spriggan rider completely misses you.
You slash the spriggan rider!
Your headbutt misses the spriggan rider.
The spriggan rider is moderately wounded.
The spriggan rider hits you with an antimagic spear!!
* * * LOW HITPOINT WARNING * * *
You slash the spriggan rider!
The spriggan rider is heavily wounded.
The spriggan rider hits you with an antimagic spear!
You die...

.....# ....# ........
.....###...####...♣...P.
.....#.....#P##.P.....P.
..................P.....
........................
.....####P...♣P..P...P..
.....# ##...P...%P.8..%
.....# #.♣.%...8.....8
.....# #......@i.PP..%
.....# #..P...%....P%%
.....# #....P.8P......
#......%.P..P..
##%P.P%....P...
#.♣♣...P8%...8. ##
........8.%.
#♣♣P.P..P.P..


You could see a spriggan rider.

Vanquished Creatures
  Prince Ribbit (D:6)
  A hippogriff (D:8)
  2 orc warriors (D:8)
  A porcupine (Lair:1)
  An ice beast (D:8)
  2 phantoms
  An ogre (D:4)
  3 centaurs
  The ghost of derrpe the Magician, an amateur HEWz (D:4)
  3 giant frogs
  5 killer bees (D:8)
  3 hounds
  A gnoll shaman (D:7)
  A giant frog skeleton (D:7)
  An iguana (Lair:1)
  6 orc priests
  2 orc wizards
  A centaur skeleton (D:6)
  5 worker ants
  Natasha (thrice) (D:3)
  3 gnolls (D:7)
  6 adders
  3 shadow imps
  An adder skeleton (D:8)
  6 worms
  4 giant geckos
  24 orcs
  7 giant cockroaches
  5 hobgoblins
  2 jackals (D:3)
  4 quokkas
  3 bats
  A giant newt (D:3)
  9 goblins
  10 kobolds
  11 rats
143 creatures vanquished.

Vanquished Creatures (others)
  An orc (D:6)
1 creature vanquished.

Grand Total: 144 creatures vanquished

Notes
Turn   | Place    | Note
--------------------------------------------------------------
     0 | D:1      | pk666 the Minotaur Fighter began the quest for the Orb.
     0 | D:1      | Reached XP level 1. HP: 19/19 MP: 0/0
   148 | D:1      | Reached XP level 2. HP: 27/27 MP: 1/1
   626 | D:2      | Reached skill level 4 in Fighting
   626 | D:2      | Reached XP level 3. HP: 33/33 MP: 2/2
   653 | D:2      | Found a snail-covered altar of Cheibriados.
   759 | D:2      | Found an ancient bone altar of Kikubaaqudgha.
   759 | D:2      | Found a deep blue altar of Sif Muna.
   868 | D:2      | Found a shadowy altar of Dithmenos.
  1334 | D:3      | Reached XP level 4. HP: 41/41 MP: 3/3
  1454 | D:3      | Reached XP level 5. HP: 34/47 MP: 4/4
  1468 | D:3      | Found a radiant altar of Vehumet.
  1481 | D:3      | Noticed Natasha
  1489 | D:3      | Killed Natasha
  1489 | D:3      | Reached skill level 5 in Fighting
  1489 | D:3      | Reached skill level 5 in Armour
  1505 | D:3      | Found a sacrificial altar of Ru.
  1766 | D:3      | Found a roughly hewn altar of Beogh.
  1782 | D:3      | Noticed Natasha
  1786 | D:3      | Reached XP level 6. HP: 18/56 MP: 5/5
  1787 | D:3      | Killed Natasha
  2191 | D:3      | Noticed Natasha
  2195 | D:3      | Killed Natasha
  2307 | D:4      | Reached skill level 5 in Axes
  2495 | D:4      | Noticed derrpe's ghost (amateur HEWz)
  2501 | D:4      | Killed derrpe's ghost
  2501 | D:4      | Reached skill level 6 in Fighting
  2543 | D:4      | Found a staircase to the Ecumenical Temple.
  2558 | Temple   | Entered the Ecumenical Temple
  2869 | D:5      | Entered Level 5 of the Dungeon
  2900 | D:5      | Reached XP level 7. HP: 64/64 MP: 6/6
  2971 | D:5      | Reached skill level 7 in Fighting
  3428 | D:6      | Noticed Prince Ribbit
  3438 | D:6      | Killed Prince Ribbit
  3556 | D:6      | Reached skill level 8 in Fighting
  3641 | D:6      | Reached XP level 8. HP: 71/74 MP: 7/7
  3962 | D:6      | Found an iron altar of Okawaru.
  4086 | D:6      | Became a worshipper of Warmaster Okawaru
  4141 | D:6      | Found Effoel's General Store.
  4147 | D:6      | Bought a scroll of remove curse for 42 gold pieces
  4147 | D:6      | Bought a potion of degeneration for 14 gold pieces
  4147 | D:6      | Bought a scroll of identify for 28 gold pieces
  4678 | D:7      | Reached skill level 9 in Fighting
  4835 | D:8      | Found a staircase to the Lair.
  5004 | D:8      | Found a burning altar of Makhleb.
  5198 | D:8      | Reached * piety under Okawaru
  5200 | D:8      | Reached skill level 10 in Fighting
  5344 | D:8      | Reached XP level 9. HP: 67/85 MP: 8/8
  5487 | D:8      | Got a translucent turquoise ring
  5533 | D:8      | Reached skill level 10 in Axes
  5943 | Lair:1   | Entered Level 1 of the Lair of Beasts
  6029 | Lair:1   | Noticed a spriggan rider
  6039 | Lair:1   | HP: 1/86 [spriggan rider/antimagic spear (25)]
  6040 | Lair:1   | Demolished by a spriggan rider

Vault maps used:
D:1:      tarquinn_simple_flora_water_b
D:2:      nicolae_overflow_crystal_walls, old_standard_altar,
          gammafunk_temple_overflow_elements
D:3:      lemuel_round_altar, overflow_temple_1_default, kennysheep_orc_chapel,
          uniq_natasha
D:4:      temple_pool_a, first_bread
D:6:      okawaru_gym_becter, serial_shops, shop, lemuel_flamethrower_2,
          uniq_prince_ribbit1
D:8:      kennysheep_mini_moat, lair_0_dummy, minmay_crystal_water
Temple:   corrupted_temple
Lair:1:   grunt_forest_large_clearings

Action                   |  1- 3 |  4- 6 |  7- 9 || total
-------------------------+-------+-------+-------++-------
Melee: War axe           |    84 |   127 |   212 ||   423
  Use: Potion            |       |     1 |     1 ||     2
  Eat: Chunk             |     1 |     3 |     8 ||    12
       Bread ration      |       |     1 |       ||     1
       Fruit             |       |       |     1 ||     1
